AoeStats
← Arda Asar

Black Forest

510057574Analyzed
2v2 RM · 4d ago on Sep 29, 2026· 46m 3s· 4 players
Game mode
Random Map
Map size
Medium (4 player)
Population
200
Speed
Normal
Resources
Standard
Victory
Conquest
Starting age
Dark Age
Ending age
Imperial Age
RankedLock teamsTeams togetherTeam positionsShared explorationLock speedFull tech treeHidden civsTurbo modeCheats
Victory
Defeat
🇹🇷 Britons · Türkiye
1447
+14
🇭🇰 Danes · Hong Kong SAR China
1278
+21
🇧🇪 Cumans · Belgium
1405
-18
🇧🇪 Japanese · Belgium
1373
-17
kakfretter69
0:26 Loom
12:20 Feudal Age
16:03 Castle Age
16:01 Double-Bit Axe
17:24 Horse Collar
18:39 Bow Saw
21:59 Heavy Plow
23:00 Wheelbarrow
25:45 Scale Barding Armor
25:39 Capped Ram
27:18 Forging
28:04 Bloodlines
28:46 Chain Barding Armor
29:30 Iron Casting
32:38 Hand Cart
34:50 Scale Mail Armor
39:46 Imperial Age
37:03 Town Watch
38:25 Fletching
38:36 Padded Archer Armor
40:02 Bodkin Arrow
40:23 Leather Archer Armor
39:29 Elite Skirmisher
41:03 Thumb Ring
42:20 Ring Archer Armor
41:34 Light Cavalry
41:35 Cavalier
42:53 Plate Barding Armor
43:06 Pikeman
43:47 Squires
46:00 Two-Man Saw
46:01 Blast Furnace
45:03 Halberdier
46:02 Chain Mail Armor
Myrrh [BE]
0:41 Loom
Dragerwoods
0:45 Loom
Arda Asar
0:29 Loom
13:44 Feudal Age
14:45 Fishing Lines
15:42 Town Watch
19:38 Double-Bit Axe
21:29 Gold Mining
23:02 Stone Mining
25:40 Castle Age
26:58 Wheelbarrow
26:48 Bow Saw
27:47 Gold Shaft Mining
27:17 Gillnets
28:11 Hand Cart
29:49 Fervor
30:05 Treadmill Crane
30:46 Ballistics
30:59 Town Patrol
31:50 Fortified Wall
32:38 Forging
32:29 Scale Mail Armor
32:39 Forging
32:29 Scale Mail Armor
33:26 Pikeman
34:07 Squires
33:53 Arson
33:54 Gambesons
34:14 Fletching
34:24 Padded Archer Armor
38:18 Iron Casting
37:59 Chain Mail Armor
38:10 Bodkin Arrow
38:30 Leather Archer Armor
38:10 Bodkin Arrow
38:31 Leather Archer Armor
38:11 Horse Collar
42:24 Imperial Age
42:17 Yeomen
42:06 Scale Barding Armor
42:16 Husbandry
42:47 Masonry
42:33 Murder Holes
42:27 Elite Longbowman
43:28 Conscription
42:32 Cavalier
44:24 Two-Man Saw
44:26 Blast Furnace
43:46 Chain Barding Armor
43:27 Bracer
43:58 Ring Archer Armor
45:33 Heavy Plow
Connection lost

Rejoining the realm…

Still unreachable

The connection could not be restored.

Session expired

The server has moved on; the page needs a fresh start.